[Event "46th GRE-chT Premier 2018"]
[Site "Rio Achaia"]
[Date "2018.07.11"]
[Round "2"]
[White "Michos, Thomas"]
[Black "Karaboikis, Spiridon"]
[Result "1-0"]
[ECO "A48"]
[WhiteElo "2211"]
[BlackElo "1942"]
[Annotator "NA"]
[PlyCount "89"]
[EventDate "2018.07.10"]
[EventType "team-tourn"]
[EventCountry "GRE"]
[SourceTitle "playchess.com"]
[Source "ChessBase"]
[SourceQuality "1"]
[TimeControl "40/5400+30:1800+30"]

1. d4 Nf6 2. Nf3 g6 3. Bg5 Bg7 4. Nbd2 O-O 5. c3 d5 6. e3 Nbd7 7. Be2 Re8 8. O-O e5 9. Nb3 e4 10. Nfd2 Nf8 11. c4 c6 12. Bh4 h5 13. cxd5 cxd5 14. Nc5 b6 15. Na4 Bd7 16. Nc3 Bc6 17. Rc1 Qd7 18. Qc2 Rec8 19. Qb3 Ne6 20. Ba6 Rd8 21. Rc2 g5 22. Bg3 h4 23. Be5 Ng4 24. Bxg7 Kxg7 25. Rfc1 Qd6 26. Nf1 Qd7 27. Qa3 Bb7 28. Be2 Nf6 29. Nb5 Rac8 30. Rxc8 Rxc8 31. Rxc8 Qxc8 32. Qxa7 Ba6 33. Nd6 Qc7 34. Nf5+ Kg6 35. Nxh4+ gxh4 36. Qxa6 Ng5 37. h3 Qd6 38. Qb5 Qe6 39. Nh2 Qd6 40. a4 Qc7 41. b4 Qc1+ 42. Bf1 Qd1 43. a5 bxa5 44. bxa5 Qe1 45. a6 1-0

[Event "46th GRE-chT Premier 2018"]
[Site "Rio Achaia"]
[Date "2018.07.11"]
[Round "2"]
[White "Sandalakis, Nikolaos"]
[Black "Kesidis, Odyseas"]
[Result "1/2-1/2"]
[ECO "C47"]
[WhiteElo "2209"]
[BlackElo "2248"]
[Annotator "NA"]
[PlyCount "172"]
[EventDate "2018.07.10"]
[EventType "team-tourn"]
[EventCountry "GRE"]
[SourceTitle "playchess.com"]
[Source "ChessBase"]
[SourceQuality "1"]
[TimeControl "40/5400+30:1800+30"]

1. e4 e5 2. Nf3 Nc6 3. Nc3 Nf6 4. h3 Bb4 {[%emt 0:03:48] C47: Scotch Four Knights and Four Knights with 4 g3} 5. Bd3 d6 6. a3 Ba5 7. b4 Bb6 8. Na4 O-O 9. Bb2 $146 ({Predecessor:} 9. O-O d5 10. exd5 Qxd5 11. Re1 Bd4 12. Nxd4 exd4 {1-0 (56) Giri,A (2776)-Adams,M (2745) London 2014}) 9... Re8 10. O-O Ne7 11. Re1 Ng6 12. Nxb6 axb6 13. Bf1 h6 14. d4 Qe7 15. c4 c5 16. dxe5 dxe5 17. Qd2 Bd7 18. b5 Rad8 19. Qc3 Bc8 20. a4 Nh7 21. Red1 Ng5 22. Nxg5 Qxg5 23. Qe3 Nf4 24. Kh2 Qf6 25. a5 bxa5 26. Qxc5 b6 27. Rxd8 Qxd8 28. Qe3 Qc7 29. c5 bxc5 30. Bc3 Bb7 31. Bxa5 Qd6 32. Rc1 Ne6 33. f3 Ra8 34. Qd2 Nd4 35. Bc4 Bc8 36. Rb1 Be6 37. Bxe6 Qxe6 38. b6 Rb8 39. b7 Qa6 40. Bc7 Rxb7 41. Rxb7 Qxb7 42. Bxe5 Ne6 43. Qc2 Qb5 44. f4 c4 45. Qd2 Qc6 46. Qd5 Qxd5 47. exd5 Nc5 48. Kg1 f6 49. Bd4 Nd3 50. g3 Kf7 51. Kg2 Ke7 52. Kf3 Kd6 53. Ke4 Nb4 54. Bb2 Nxd5 55. Ba3+ Kc6 56. Bf8 g6 57. Bxh6 f5+ 58. Kd4 c3 59. Kd3 Kb5 60. Bf8 Ka4 61. Kc2 Kb5 62. Kb3 c2 63. Kxc2 Kc4 64. Kd2 Kd4 65. Ke2 Ke4 66. Bd6 (66. Bg7 $14) 66... Nc3+ 67. Kf2 Nd1+ 68. Ke1 Nc3 69. Be5 Nd5 70. Ke2 g5 71. Kf2 gxf4 72. gxf4 Nxf4 $11 73. Bxf4 Kxf4 74. h4 Kg4 75. h5 Kxh5 76. Kf3 Kg5 77. Kg3 f4+ 78. Kf3 Kf5 79. Kf2 Ke4 80. Ke2 f3+ 81. Kf2 Kf4 82. Kf1 Ke4 83. Kf2 Kf4 84. Kf1 Ke3 85. Ke1 f2+ 86. Kf1 Kf3 1/2-1/2

[Event "46th GRE-chT Premier 2018"]
[Site "Rio Achaia"]
[Date "2018.07.11"]
[Round "2"]
[White "Milonakis, Georgios"]
[Black "Hristodoulou, Panagiotis"]
[Result "1-0"]
[ECO "A06"]
[WhiteElo "2200"]
[BlackElo "2329"]
[Annotator "NA"]
[PlyCount "155"]
[EventDate "2018.07.10"]
[EventType "team-tourn"]
[EventCountry "GRE"]
[SourceTitle "playchess.com"]
[Source "ChessBase"]
[SourceQuality "1"]
[TimeControl "40/5400+30:1800+30"]

1. Nf3 d5 2. g3 c6 3. Bg2 Bg4 4. c4 e6 5. cxd5 Bxf3 6. Bxf3 cxd5 7. d3 Nf6 8. Nc3 Nc6 9. O-O Be7 10. Qa4 O-O 11. Bf4 Qd7 12. Bg2 a6 13. Rac1 b5 14. Qd1 Rac8 15. h3 Rfd8 16. g4 e5 17. Bg5 Qe6 18. e3 Ne8 19. Bxe7 Nxe7 20. d4 e4 21. f3 f5 22. fxe4 fxe4 23. Ne2 Rxc1 24. Qxc1 Rc8 25. Qd2 Ng6 26. Rc1 Nd6 27. Rxc8+ Qxc8 28. Qc3 Qc4 29. Bf1 b4 30. Qe1 Qd3 31. Nf4 Qc2 32. Nxg6 hxg6 33. Qxb4 Nf7 34. Qe7 Qc6 35. b4 Nd6 36. Qe6+ Kh7 37. a4 Qc7 38. Qxd5 Nf7 39. Qxe4 Qg3+ 40. Qg2 Qxe3+ 41. Qf2 Qe7 42. Bxa6 Qxb4 43. Qxf7 Qxd4+ 44. Qf2 Qxa4 45. Be2 Qb3 46. Kg2 Qd5+ 47. Bf3 Qe5 48. Qc2 Kh6 49. Qe4 Qb2+ 50. Be2 g5 51. Qe3 Kh7 52. Kg1 Qf6 53. Qe4+ g6 54. Bd3 Kh6 55. Kg2 Qb2+ 56. Bc2 Qf6 57. Qc4 Qb6 58. Be4 Qb2+ 59. Kf1 Qa1+ 60. Ke2 Qb2+ 61. Bc2 Qe5+ 62. Qe4 Qh2+ 63. Ke3 Qg3+ 64. Kd4 Qd6+ 65. Qd5 Qb4+ 66. Qc4 Qb2+ 67. Qc3 Qb6+ 68. Qc5 Qf6+ 69. Qe5 Qb6+ 70. Kd3 Qa6+ 71. Kd2 Qc8 72. Qd6 Qd7 73. Qd3 Qc6 74. Qxg6+ Qxg6 75. Bxg6 Kxg6 76. Kd3 Kf7 77. Kd4 Ke6 78. Ke4 {[%emt 0:00:06] Kd5+} 1-0

[Event "46th GRE-chT Premier 2018"]
[Site "Rio Achaia"]
[Date "2018.07.11"]
[Round "2"]
[White "Klerides, Paris"]
[Black "Karousos-Theodorakis, Nikolaos"]
[Result "0-1"]
[ECO "B94"]
[WhiteElo "2196"]
[BlackElo "2255"]
[Annotator "NA"]
[PlyCount "64"]
[EventDate "2018.07.10"]
[EventType "team-tourn"]
[EventCountry "GRE"]
[SourceTitle "playchess.com"]
[Source "ChessBase"]
[SourceQuality "1"]
[TimeControl "40/5400+30:1800+30"]

1. e4 c5 2. Nf3 d6 3. d4 cxd4 4. Nxd4 Nf6 5. Nc3 a6 6. Bg5 Nbd7 7. f4 Qc7 8. Qf3 h6 9. Bh4 g5 10. fxg5 hxg5 11. Bxg5 Qc5 12. Be3 Ne5 13. Qe2 Qb4 14. O-O-O Bg4 15. Nf3 Rc8 16. Rd4 Qa5 17. Ra4 Qc7 18. Qf2 Bd7 19. Bb6 Bh6+ 20. Kb1 Neg4 21. Qg1 Be3 22. Rb4 Bxg1 23. Bxc7 Bc5 24. Rxb7 Bc6 25. Rb8 Rxb8 26. Bxb8 Nf2 27. e5 Nxh1 28. exf6 Kd7 29. fxe7 Rxb8 30. Bxa6 Kxe7 31. Bc4 Rg8 32. Nh4 Rg4 0-1

[Event "46th GRE-chT Premier 2018"]
[Site "Rio Achaia"]
[Date "2018.07.11"]
[Round "2"]
[White "Gazis, Efstathios"]
[Black "Masouros, Panagiotis"]
[Result "1/2-1/2"]
[ECO "B62"]
[WhiteElo "2195"]
[BlackElo "1860"]
[Annotator "NA"]
[PlyCount "79"]
[EventDate "2018.07.10"]
[EventType "team-tourn"]
[EventCountry "GRE"]
[SourceTitle "playchess.com"]
[Source "ChessBase"]
[SourceQuality "1"]
[TimeControl "40/5400+30:1800+30"]

1. e4 c5 2. Nf3 Nc6 3. Nc3 d6 4. d4 cxd4 5. Nxd4 Nf6 6. Bg5 e6 7. Qd3 Be7 8. Be2 a6 9. O-O-O Qc7 10. f4 Bd7 11. Rhe1 Rc8 12. Nxc6 Bxc6 13. Bf3 O-O 14. Bxf6 Bxf6 15. Qxd6 Bxc3 16. bxc3 Qa5 17. Kb2 Bd5 18. Qb4 Qxa2+ 19. Kc1 Bc6 20. Rd4 a5 21. Qb3 Qxb3 22. cxb3 Rfd8 23. Kb2 Kf8 24. Red1 Ke7 25. c4 f6 26. b4 axb4 27. Kb3 Rxd4 28. Rxd4 Ra8 29. Kxb4 Ra1 30. Kc5 Re1 31. Rd3 e5 32. fxe5 fxe5 33. Rd2 g6 34. Kb6 Bxe4 35. Bxe4 Rxe4 36. Kc5 b6+ 37. Kd5 Rd4+ 38. Rxd4 exd4 39. Kxd4 Kd6 40. Ke4 {Ke5+} 1/2-1/2

[Event "46th GRE-chT Premier 2018"]
[Site "Rio Achaia"]
[Date "2018.07.11"]
[Round "2"]
[White "Havanecz, Bianka"]
[Black "Galunova, Tsveta"]
[Result "0-1"]
[ECO "A40"]
[WhiteElo "2193"]
[BlackElo "2204"]
[Annotator "NA"]
[PlyCount "58"]
[EventDate "2018.07.10"]
[EventType "team-tourn"]
[EventCountry "GRE"]
[SourceTitle "playchess.com"]
[Source "ChessBase"]
[SourceQuality "1"]
[TimeControl "40/5400+30:1800+30"]

1. d4 g6 2. Nf3 Bg7 3. g3 Nf6 4. Bg2 d6 5. O-O O-O 6. c4 Bf5 7. Nfd2 Nc6 $11 8. e4 Bg4 9. f3 Bd7 10. d5 Nd4 11. Nb3 c5 12. Nxd4 cxd4 13. Nd2 Qb6 14. Rb1 a5 15. h3 e5 16. Kh2 Nh5 17. a4 Rac8 18. b3 Bh6 19. Bh1 d3 20. Qe1 f5 21. Rb2 Qd4 22. Rg1 Be3 23. Rg2 fxe4 24. Nxe4 Bxc1 25. Qxc1 Rxf3 26. Nxd6 Rcf8 27. Qg1 Qh4 28. Qe1 Qxh3+ 29. Kg1 Nxg3 0-1

[Event "46th GRE-chT Premier 2018"]
[Site "Rio Achaia"]
[Date "2018.07.11"]
[Round "2"]
[White "Tzintzios, Georgios"]
[Black "Nikolaidis, Konstantinos"]
[Result "1/2-1/2"]
[ECO "B18"]
[WhiteElo "2186"]
[BlackElo "2182"]
[Annotator "NA"]
[PlyCount "125"]
[EventDate "2018.07.10"]
[EventType "team-tourn"]
[EventCountry "GRE"]
[SourceTitle "playchess.com"]
[Source "ChessBase"]
[SourceQuality "1"]
[TimeControl "40/5400+30:1800+30"]

1. e4 c6 2. d4 d5 3. Nc3 dxe4 4. Nxe4 Bf5 5. Ng3 Bg6 6. Nh3 e6 7. Nf4 Bd6 8. Nfh5 Bxh5 9. Nxh5 g6 10. Ng3 Nf6 11. Bh6 Nbd7 12. Qd2 Qc7 13. Be2 O-O-O 14. O-O-O e5 15. Kb1 Rhe8 16. Bc4 Nb6 17. Bb3 Ng4 18. Bg5 f6 19. dxe5 Bxe5 20. Qe2 Nxf2 21. Rxd8+ Qxd8 22. Qxf2 fxg5 23. Re1 Bf4 24. a4 Kb8 25. Rxe8 Qxe8 26. Qd4 Qd7 27. Qf6 Nd5 28. Qf8+ Kc7 29. Qc5 Qe7 30. Qa5+ Nb6 31. Ka2 Kb8 32. Qc3 Be5 33. Qe3 Nd5 34. Bxd5 cxd5 35. Ne2 a6 36. g3 Qf6 37. c3 h6 38. Kb3 Bc7 39. Qe8+ Ka7 40. Nd4 Bb6 41. Ne6 Qf2 42. Qd7 Qf3 43. Ka2 Qf5 44. Qd6 Qe4 45. Qd7 Qc4+ 46. Ka1 Qf1+ 47. Ka2 Qc4+ 48. Ka1 Qc6 49. Qxc6 bxc6 50. Nf8 g4 51. Nxg6 Bg1 52. Nf4 Bxh2 53. Ne2 h5 54. Kb1 Kb6 55. Kc2 Ka5 56. b3 c5 57. Kd3 c4+ 58. Kc2 cxb3+ 59. Kxb3 Kb6 60. Kc2 Ka5 61. Kb3 Kb6 62. Kc2 Ka5 63. Kb3 1/2-1/2

[Event "46th GRE-chT Premier 2018"]
[Site "Rio Achaia"]
[Date "2018.07.11"]
[Round "2"]
[White "Ladopoulos, Dimitrios"]
[Black "Karakatsanis, Nikolaos"]
[Result "1-0"]
[ECO "C43"]
[WhiteElo "2183"]
[BlackElo "1907"]
[Annotator "NA"]
[PlyCount "63"]
[EventDate "2018.07.10"]
[EventType "team-tourn"]
[EventCountry "GRE"]
[SourceTitle "playchess.com"]
[Source "ChessBase"]
[SourceQuality "1"]
[TimeControl "40/5400+30:1800+30"]

1. e4 e5 2. Nf3 Nf6 3. d4 Nxe4 4. Bd3 d5 5. dxe5 Nc5 6. Be2 Ne6 7. O-O g6 8. Be3 Bg7 9. Qd2 h6 10. Rd1 c6 11. c4 dxc4 12. Qc3 Qe7 13. Bxc4 Nd7 14. Nbd2 Ng5 15. Nxg5 hxg5 16. Nf3 Bxe5 17. Rxd7 Bxc3 18. Rxe7+ Kxe7 19. bxc3 Re8 20. Bc5+ Kf6 21. Bd4+ Ke7 22. Nxg5 Be6 23. Re1 Kd7 24. Bxe6+ fxe6 25. Ne4 Re7 26. Bc5 Rf7 27. Nd6 Rf4 28. Nxb7 Rc4 29. Bb4 Re8 30. Rd1+ Kc7 31. Nd6 Rd8 32. Ba5+ 1-0

[Event "46th GRE-chT Premier 2018"]
[Site "Rio Achaia"]
[Date "2018.07.11"]
[Round "2"]
[White "Kazantzidis, Ilias"]
[Black "Skembris, Spyridon"]
[Result "1/2-1/2"]
[ECO "A46"]
[WhiteElo "2182"]
[BlackElo "2393"]
[Annotator "NA"]
[PlyCount "100"]
[EventDate "2018.07.10"]
[EventType "team-tourn"]
[EventCountry "GRE"]
[SourceTitle "playchess.com"]
[Source "ChessBase"]
[SourceQuality "1"]
[TimeControl "40/5400+30:1800+30"]

1. d4 Nf6 2. Nf3 c5 3. e3 g6 4. Be2 Bg7 5. O-O O-O 6. c4 cxd4 7. exd4 d5 8. c5 b6 9. cxb6 Qxb6 10. Nc3 Bg4 11. Na4 Qd6 12. g3 Bxf3 13. Bxf3 Nc6 14. Nc5 e6 15. Bf4 Qe7 16. Be3 Rac8 17. Rc1 Nd7 18. Nb3 Nb6 19. Be2 Nb8 20. Nc5 Rfd8 21. b4 Nc6 22. a3 e5 23. Ba6 Rc7 24. Re1 Nb8 25. Bf1 e4 26. a4 Nc6 27. a5 Nc4 28. Bxc4 dxc4 29. Rxc4 Ne5 30. Bf4 Nxc4 31. Rxe4 Ne5 32. Qe2 f5 33. Re3 Rxd4 34. Bxe5 Bxe5 35. Rxe5 Qd6 36. Re8+ Kf7 37. Rh8 Kg7 38. Qe8 Kh6 39. Qe3+ f4 40. gxf4 Qxf4 41. Qh3+ Qh4 42. Qe3+ Rf4 43. Ne6 Qg4+ 44. Kf1 g5 45. Nxc7 Qd1+ 46. Kg2 Rg4+ 47. Kh3 Rh4+ 48. Kg2 Rg4+ 49. Kh3 Rh4+ 50. Kg2 Rg4+ 1/2-1/2

[Event "46th GRE-chT Premier 2018"]
[Site "Rio Achaia"]
[Date "2018.07.11"]
[Round "2"]
[White "Dorfanis, Ilarion"]
[Black "Fragkos, Vasilios"]
[Result "1-0"]
[ECO "A61"]
[WhiteElo "2179"]
[BlackElo "2066"]
[Annotator "NA"]
[PlyCount "73"]
[EventDate "2018.07.10"]
[EventType "team-tourn"]
[EventCountry "GRE"]
[SourceTitle "playchess.com"]
[Source "ChessBase"]
[SourceQuality "1"]
[TimeControl "40/5400+30:1800+30"]

1. Nf3 Nf6 2. c4 e6 3. d4 c5 4. d5 exd5 5. cxd5 d6 6. Nc3 g6 7. Bf4 a6 8. a4 Bg7 9. h3 O-O 10. e3 Qe7 11. Nd2 Nbd7 12. Nc4 Ne8 13. Qb3 f5 14. Be2 Ne5 15. Nb6 Rb8 16. O-O g5 17. Bxe5 Bxe5 18. a5 g4 19. Nxc8 Rxc8 20. Ra4 gxh3 21. g3 Qg7 22. Kh2 c4 23. Rxc4 Rxc4 24. Qxc4 f4 25. exf4 Rxf4 26. Qd3 Nf6 27. Kxh3 Rb4 28. f4 Bd4 29. Rc1 Bc5 30. Rc2 Qd7+ 31. Kg2 Ng4 32. Bxg4 Qxg4 33. Ne4 Qg7 34. Nxc5 dxc5 35. Rxc5 Rxb2+ 36. Kf3 Qd7 37. Qc3 1-0

[Event "46th GRE-chT Premier 2018"]
[Site "Rio Achaia"]
[Date "2018.07.11"]
[Round "2"]
[White "Beliotis, Georgios"]
[Black "Loutragotis, Dimitrios"]
[Result "0-1"]
[ECO "A05"]
[WhiteElo "2175"]
[BlackElo "2173"]
[Annotator "NA"]
[PlyCount "60"]
[EventDate "2018.07.10"]
[EventType "team-tourn"]
[EventCountry "GRE"]
[SourceTitle "playchess.com"]
[Source "ChessBase"]
[SourceQuality "1"]
[TimeControl "40/5400+30:1800+30"]

1. Nf3 Nf6 2. g3 g6 3. b3 Bg7 4. Bb2 O-O 5. Bg2 d6 6. d4 c6 7. O-O a5 8. c4 Bf5 9. Nc3 Ne4 10. Nh4 Nxc3 11. Bxc3 Be6 12. Rc1 d5 13. Ba1 a4 14. e4 axb3 15. exd5 b2 16. Bxb2 cxd5 17. Re1 Nc6 18. Bc3 Qd7 19. Rb1 Rfd8 20. Rb5 dxc4 21. Qb1 Nxd4 22. Rxb7 Qa4 23. Bxd4 Bxd4 24. Nf3 Bf6 25. Rb6 c3 26. Rbxe6 fxe6 27. Bh3 c2 28. Bxe6+ Kg7 29. Qb3 Rd1 30. Bg8 Qxb3 0-1

[Event "46th GRE-chT Premier 2018"]
[Site "Rio Achaia"]
[Date "2018.07.11"]
[Round "2"]
[White "Tsaknakis, Zisis"]
[Black "Giatrakos, Orestis"]
[Result "1-0"]
[ECO "A04"]
[WhiteElo "2170"]
[BlackElo "1860"]
[Annotator "NA"]
[PlyCount "135"]
[EventDate "2018.07.10"]
[EventType "team-tourn"]
[EventCountry "GRE"]
[SourceTitle "playchess.com"]
[Source "ChessBase"]
[SourceQuality "1"]
[TimeControl "40/5400+30:1800+30"]

1. Nf3 c6 2. b3 d5 3. Bb2 Nf6 4. g3 Bg4 5. Bg2 Nbd7 6. O-O Bxf3 7. exf3 e6 8. d3 Be7 9. Nd2 O-O 10. f4 a5 11. a3 Re8 12. Nf3 Qc7 13. Qe2 Rac8 14. c4 c5 15. a4 d4 16. Rae1 Qb6 17. Qc2 Bd6 18. Ne5 Bxe5 19. fxe5 Ng4 20. Bh3 Ngxe5 21. f4 Ng6 22. f5 exf5 23. Bxf5 Qd6 24. Qg2 b6 25. Bc1 Rcd8 26. Be4 f6 27. h4 Rxe4 28. Rxe4 Nge5 29. Bf4 Qc6 30. g4 Kh8 31. Rfe1 Rg8 32. Bxe5 Nxe5 33. Rxe5 Qxg2+ 34. Kxg2 fxe5 35. Rxe5 Rb8 36. Kf3 Kg8 37. Ke4 Rd8 38. Re6 Kf7 39. Rxb6 Re8+ 40. Kd5 Re3 41. Kxc5 Rxd3 42. Rd6 Rxb3 43. Rxd4 Rb4 44. Rd7+ Kf6 45. Kd5 Rxa4 46. c5 Ra1 47. g5+ Kg6 48. c6 Rd1+ 49. Ke6 Rc1 50. Kd6 a4 51. Ra7 Rd1+ 52. Ke6 Re1+ 53. Kd7 Rd1+ 54. Ke7 Rc1 55. c7 Kh5 56. Kd8 Rd1+ 57. Ke8 Rc1 58. Kd8 Rd1+ 59. Kc8 Kxh4 60. Kb8 Rb1+ 61. Rb7 Rc1 62. c8=Q Rxc8+ 63. Kxc8 g6 64. Rxh7+ Kxg5 65. Kd7 Kg4 66. Ke6 g5 67. Ke5 Kf3 68. Rf7+ {[%emt 0:00:21] Ke4+} 1-0

[Event "46th GRE-chT Premier 2018"]
[Site "Rio Achaia"]
[Date "2018.07.11"]
[Round "2"]
[White "Panagiotakopoulos, Gerasimos"]
[Black "Tsekouras, Theodoros"]
[Result "1-0"]
[ECO "B53"]
[WhiteElo "2165"]
[BlackElo "2210"]
[Annotator "NA"]
[PlyCount "82"]
[EventDate "2018.07.10"]
[EventType "team-tourn"]
[EventCountry "GRE"]
[SourceTitle "playchess.com"]
[Source "ChessBase"]
[SourceQuality "1"]
[TimeControl "40/5400+30:1800+30"]

1. e4 c5 2. Nf3 d6 3. d4 cxd4 4. Qxd4 e5 5. Bb5+ Nd7 6. Qd3 a6 7. Bxd7+ Bxd7 8. a4 h6 9. a5 Nf6 10. O-O Be7 11. c4 O-O 12. Be3 d5 13. Nxe5 dxe4 14. Qb3 Bd6 15. Nxd7 Qxd7 16. Rd1 Qe7 17. Nd2 Ng4 18. Nf1 Rac8 19. Rd5 Qc7 20. Bb6 Qc6 21. Rad1 Bb8 22. h3 Nf6 23. Rc5 Qe6 24. Rxc8 Rxc8 25. Ne3 Kh7 26. Qb4 Bf4 27. b3 Rc6 28. Kf1 Rd6 29. Rxd6 Bxd6 30. Qd2 Bf4 31. Qd8 Bxe3 32. Bxe3 Qd7 33. Qxd7 Nxd7 34. Bd4 f5 35. f3 exf3 36. gxf3 g5 37. b4 Kg6 38. b5 Kf7 39. c5 Nf8 40. c6 bxc6 41. bxa6 Ne6 1-0

[Event "46th GRE-chT Premier 2018"]
[Site "Rio Achaia"]
[Date "2018.07.11"]
[Round "2"]
[White "Vragoteris, Antonios"]
[Black "Pantazopoulos, Stavros"]
[Result "1/2-1/2"]
[ECO "B10"]
[WhiteElo "2160"]
[BlackElo "2153"]
[Annotator "NA"]
[PlyCount "63"]
[EventDate "2018.07.10"]
[EventType "team-tourn"]
[EventCountry "GRE"]
[SourceTitle "playchess.com"]
[Source "ChessBase"]
[SourceQuality "1"]
[TimeControl "40/5400+30:1800+30"]

1. e4 c6 2. c4 d5 3. cxd5 cxd5 4. exd5 Nf6 5. Nc3 Nxd5 6. Nf3 Nc6 7. Bb5 e6 8. O-O Be7 9. d4 O-O 10. Bd3 Nf6 11. a3 Qb6 12. Be3 Nd5 13. Qe2 Bd7 14. Rac1 Rad8 15. b4 a6 16. Na4 Qc7 17. Nc5 Bc8 18. Qc2 Bxc5 19. Qxc5 Qe7 20. Qc2 h6 21. Bc4 Qf6 22. Qe4 Qe7 23. Ne5 Nxe5 24. dxe5 Nxe3 25. Qxe3 b5 26. Bd3 Bb7 27. Be4 Bxe4 28. Qxe4 Rd5 29. Rfd1 Rxd1+ 30. Rxd1 Rd8 31. Rxd8+ Qxd8 32. g3 1/2-1/2

[Event "46th GRE-chT Premier 2018"]
[Site "Rio Achaia"]
[Date "2018.07.11"]
[Round "2"]
[White "Markantonaki, Haritomeni"]
[Black "Makropoulou, Marina"]
[Result "1-0"]
[ECO "C42"]
[WhiteElo "2152"]
[BlackElo "2135"]
[Annotator "NA"]
[PlyCount "63"]
[EventDate "2018.07.10"]
[EventType "team-tourn"]
[EventCountry "GRE"]
[SourceTitle "playchess.com"]
[Source "ChessBase"]
[SourceQuality "1"]
[TimeControl "40/5400+30:1800+30"]

1. e4 e5 2. Nf3 Nf6 3. Nxe5 Qe7 4. Nf3 Qxe4+ 5. Be2 Bb4 6. c3 Be7 7. O-O O-O 8. c4 d5 9. Nc3 Qf5 10. Re1 c6 11. d4 dxc4 12. Bxc4 Bd6 13. Ne5 Ng4 14. f4 Nxe5 15. fxe5 Bc7 16. h3 Qg6 17. Qf3 Bb6 18. Bd3 Bxd4+ 19. Kh1 f5 20. exf6 Qxf6 21. Qh5 g6 22. Qe2 Qf2 23. Bc4+ Kh8 24. Bh6 Qxe2 25. Rxe2 Bg7 26. Bxg7+ Kxg7 27. Re7+ Kh6 28. g4 Nd7 29. Ne4 g5 30. Rd1 Nf6 31. Rd6 Kg6 32. Nxf6 1-0

[Event "46th GRE-chT Premier 2018"]
[Site "Rio Achaia"]
[Date "2018.07.11"]
[Round "2"]
[White "Richterova, Natasa"]
[Black "Prokopiou, Ekaterini"]
[Result "1/2-1/2"]
[ECO "A15"]
[WhiteElo "2146"]
[BlackElo "1661"]
[Annotator "NA"]
[PlyCount "61"]
[EventDate "2018.07.10"]
[EventType "team-tourn"]
[EventCountry "GRE"]
[SourceTitle "playchess.com"]
[Source "ChessBase"]
[SourceQuality "1"]
[TimeControl "40/5400+30:1800+30"]

1. c4 Nf6 2. g3 d5 3. d4 c6 4. Bg2 Bf5 5. Nf3 e6 6. O-O Bd6 7. Bg5 Nbd7 8. Nh4 Be4 9. Bxe4 dxe4 10. Nc3 Be7 11. Qc2 h6 12. Be3 Ng4 13. Ng2 f5 14. d5 O-O 15. dxe6 Nxe3 16. Nxe3 Nc5 17. Rad1 Qc7 18. b4 Nxe6 19. c5 Kh8 20. Ncd5 cxd5 21. Nxd5 Qe5 22. Nxe7 Qf6 23. Rd7 Rad8 24. Rfd1 Rxd7 25. Rxd7 f4 26. Qxe4 fxg3 27. Ng6+ Kg8 28. Ne7+ Kh8 29. Ng6+ Kg8 30. Ne7+ Kh8 31. Ng6+ 1/2-1/2

[Event "46th GRE-chT Premier 2018"]
[Site "Rio Achaia"]
[Date "2018.07.11"]
[Round "2"]
[White "Petrakis, Ilias"]
[Black "Galanakis, Nikolaos"]
[Result "1-0"]
[ECO "C61"]
[WhiteElo "2118"]
[BlackElo "1579"]
[Annotator "NA"]
[PlyCount "63"]
[EventDate "2018.07.10"]
[EventType "team-tourn"]
[EventCountry "GRE"]
[SourceTitle "playchess.com"]
[Source "ChessBase"]
[SourceQuality "1"]
[TimeControl "40/5400+30:1800+30"]

1. e4 e5 2. Nf3 Nc6 3. Bb5 Nd4 4. Nxd4 exd4 5. O-O c6 6. Ba4 d6 7. c3 dxc3 8. Nxc3 Nf6 9. d4 g6 10. Bg5 Bg7 11. Qf3 h6 12. Bh4 g5 13. Bg3 O-O 14. e5 g4 15. Qd3 dxe5 16. Bxe5 Re8 17. Bc2 Rxe5 18. dxe5 Qxd3 19. Bxd3 Nd7 20. e6 fxe6 21. Rad1 Ne5 22. Be2 b6 23. Rd8+ Kf7 24. Ba6 Bxa6 25. Rxa8 Bxf1 26. Rxa7+ Kg6 27. Kxf1 Nc4 28. Nd1 Bxb2 29. Ra4 b5 30. Rxc4 bxc4 31. Nxb2 c3 32. Nd3 1-0

[Event "46th GRE-chT Premier 2018"]
[Site "Rio Achaia"]
[Date "2018.07.11"]
[Round "2"]
[White "Samaridis, Konstantinos"]
[Black "Michaelides, Konstantinos"]
[Result "0-1"]
[ECO "E59"]
[WhiteElo "2103"]
[BlackElo "2282"]
[Annotator "ChessBase"]
[PlyCount "254"]
[EventDate "2018.07.10"]
[EventType "team-tourn"]
[EventCountry "GRE"]
[SourceTitle "playchess.com"]
[Source "ChessBase"]
[SourceQuality "1"]
[TimeControl "40/5400+30:1800+30"]

1. d4 Nf6 2. c4 e6 3. Nc3 Bb4 4. e3 O-O 5. Bd3 d5 6. Nf3 c5 7. O-O Nc6 8. a3 Bxc3 9. bxc3 dxc4 10. Bxc4 Qc7 11. Qe2 e5 12. h3 e4 13. Nd2 Bf5 14. f4 exf3 15. Qxf3 Bg6 16. Bb2 Qb6 17. Ra2 Na5 18. Be2 Rfe8 19. c4 Qe6 20. dxc5 Nd7 21. Bd4 Nc6 22. Nb3 Be4 23. Qg3 f6 24. Bg4 Qxc4 25. Bxd7 Qxb3 26. Bxf6 Bg6 27. Bxe8 Rxe8 28. Rb2 Qxa3 29. Bxg7 Kxg7 30. Rxb7+ Kg8 31. Qc7 Qxe3+ 32. Kh1 Ne7 33. Rb8 Nf5 34. Rxe8+ Qxe8 35. c6 Nd4 36. Qxa7 Nxc6 37. Qc5 Nd8 38. Qd5+ Nf7 39. Ra1 Be4 40. Qd4 Qc6 41. Rg1 Nd6 42. Qf6 Qd5 43. Kh2 Nf5 44. Qg5+ Kf7 45. Rf1 Qd6+ 46. Qf4 Kg6 47. g4 Qxf4+ 48. Rxf4 Nd6 49. h4 h6 50. Kg3 Kg7 51. Rf1 Nf7 52. Kf4 Bg6 53. Rd1 Bc2 54. Rc1 Bd3 55. Ke3 Bb5 56. Ke4 Bd7 57. Kf4 Bb5 58. Rc7 Be2 59. Kf5 Bd1 60. Rc6 Bxg4+ 61. Kf4 Bd7 62. Rb6 Kf8 63. Rg6 Ke7 64. Ra6 Be6 65. Ra7+ Kf6 66. Ra6 Nh8 67. Ra5 Ng6+ 68. Kg3 Ne7 69. Kf4 Nf5 70. h5 Ne7 71. Kg3 Nd5 72. Kh4 Kf5 73. Ra6 Nf4 74. Ra5+ Ke4 75. Ra4+ Kf5 76. Ra5+ Kf6 77. Ra6 Ng2+ 78. Kg3 Ne3 79. Ra5 Nf5+ 80. Kf4 Ng7 81. Kg3 Bf7 82. Kg4 Bc4 83. Kf3 Bd3 84. Kg3 Be2 85. Kf4 Bxh5 86. Ra6+ Ne6+ 87. Kg3 Be2 88. Ra8 Ng7 89. Rf8+ Kg6 90. Rb8 Bc4 91. Rb4 Bd5 92. Rg4+ Kf6 93. Ra4 Be6 94. Rb4 Kg5 95. Ra4 Nf5+ 96. Kh3 h5 97. Ra5 Bc4 98. Re5 Bf1+ 99. Kh2 Kf4 100. Ra5 Be2 101. Ra4+ Kg5 102. Rb4 Bg4 103. Ra4 Nd6 104. Rd4 Nf5 105. Ra4 Ne3 106. Ra8 Kf4 107. Rf8+ Bf5 108. Rh8 Kg4 109. Rg8+ Kf3 110. Rf8 h4 111. Rh8 Kg4 112. Rg8+ Kf4 113. Rh8 Ng4+ 114. Kh3 Ne5+ 115. Kh2 Nf3+ 116. Kg2 Kg4 117. Rg8+ Ng5 118. Kh2 Kf4 119. Rh8 Kg4 120. Rg8 h3 121. Rg7 Kf4 122. Ra7 Nf3+ 123. Kh1 Kg3 124. Rg7+ Kf2 125. Ra7 Be4 126. Rf7 Kg3 127. Rh7 Ng5+ 0-1

[Event "46th GRE-chT Premier 2018"]
[Site "Rio Achaia"]
[Date "2018.07.11"]
[Round "2"]
[White "Stefan, Victor"]
[Black "Betsakos, Konstantinos"]
[Result "1/2-1/2"]
[ECO "B47"]
[WhiteElo "2102"]
[BlackElo "1913"]
[Annotator "NA"]
[PlyCount "67"]
[EventDate "2018.07.10"]
[EventType "team-tourn"]
[EventCountry "GRE"]
[SourceTitle "playchess.com"]
[Source "ChessBase"]
[SourceQuality "1"]
[TimeControl "40/5400+30:1800+30"]

1. e4 c5 2. Nf3 e6 3. d4 cxd4 4. Nxd4 Nc6 5. Nc3 Qc7 6. f4 a6 7. Nxc6 Qxc6 8. Bd3 b5 9. Qe2 Bb7 10. Bd2 Bc5 11. O-O-O Ne7 12. a3 h5 13. Rhf1 O-O-O 14. Kb1 f5 15. g3 g6 16. Rfe1 Kb8 17. Na2 d5 18. exf5 exf5 19. Nb4 Qb6 20. Qe6 Nc8 21. Qxb6 Bxb6 22. Re6 Rhg8 23. Rde1 Kc7 24. Bf1 Nd6 25. Be3 d4 26. Bg1 Ne4 27. c3 a5 28. Nc2 Nd2+ 29. Kc1 Nb3+ 30. Kb1 Nd2+ 31. Ka1 Nb3+ 32. Kb1 Nd2+ 33. Kc1 Nb3+ 34. Kb1 1/2-1/2